 Dungeon Crawl Stone Soup version 0.30-a0-585-g93115170b9 (webtiles) character file.

Game seed: 6641820285300716585

154 Farfigtubin the Grasshopper (level 5, -4/43 HPs)
             Began as a Gnoll Warper on Jan 1, 2023.
             Slain by a scorpion (5 damage)
             ... on level 3 of the Dungeon.
             The game lasted 00:24:52 (3661 turns).

Farfigtubin the Grasshopper (Gnoll Warper)          Turns: 3661, Time: 00:24:52

Health: -4/43      AC:  5    Str: 10    XL:     5   Next: 36%
Magic:  2/12       EV: 12    Int: 15    God:
Gold:   121        SH:  0    Dex: 11    Spells: 9/14 levels left

rFire   . . .      SeeInvis .    a - +0 hand axe
rCold   . . .      Faith    .    (no shield)
rNeg    . . .      Spirit   .    b - +0 leather armour
rPois   .          Reflect  .    p - +2 hat
rElec   .          Harm     .    (no cloak)
rCorr   .          Rampage  .    (no gloves)
Will    .....                    (no boots)
Stlth   +                        (no amulet)
HPRegen 0.27/turn                (no ring)
MPRegen 0.13/turn                (no ring)

@: lethally poisoned (-4 -> -7), very slightly contaminated
A: fangs 1, strong nose, distributed training
a: no special abilities


You were on level 3 of the Dungeon.
You visited 1 branch of the dungeon, and saw 4 of its levels.

You collected 121 gold pieces.

Inventory:

Hand Weapons
 a - a +0 hand axe (weapon)
Missiles
 d - 4 boomerangs of dispersal (quivered)
 t - 3 boomerangs
Armour
 b - a +0 leather armour (worn)
 p - a +2 hat (worn)
Scrolls
 c - a scroll of blinking
 e - 4 scrolls of fear {unknown}
 h - a scroll of brand weapon {unknown}
 i - a scroll of poison {unknown}
 j - a scroll of enchant weapon {unknown}
 m - a scroll of acquirement {unknown}
 o - a scroll of immolation {unknown}
 r - a scroll of identify
 s - a scroll of vulnerability {unknown}
 v - a scroll of enchant armour {unknown}
Potions
 f - a potion of haste {unknown}
 g - a potion of attraction {unknown}
 k - a potion of mutation {unknown}
 l - a potion of heal wounds {unknown}
 n - a potion of flight
 q - a potion of lignification {unknown}
 u - a potion of degeneration {unknown}


   Skills:
 + Level 4.8 Fighting
 + Level 1.5 Short Blades
 + Level 1.5 Long Blades
 + Level 4.8 Axes
 + Level 1.5 Maces & Flails
 + Level 1.5 Polearms
 + Level 1.5 Staves
 + Level 1.5 Ranged Weapons
 + Level 3.0 Throwing
 + Level 3.0 Armour
 + Level 4.8 Dodging
 + Level 1.5 Stealth
 + Level 1.5 Shields
 + Level 1.5 Unarmed Combat
 + Level 5.2 Spellcasting
 + Level 1.2 Conjurations
 + Level 1.2 Hexes
 + Level 1.2 Summonings
 + Level 1.2 Necromancy
 + Level 5.5 Translocations
 + Level 1.2 Transmutations
 + Level 1.2 Fire Magic
 + Level 1.2 Ice Magic
 + Level 1.2 Air Magic
 + Level 1.2 Earth Magic
 + Level 1.2 Poison Magic
 + Level 1.7 Invocations
 + Level 1.5 Evocations


You had 9 spell levels left.
You knew the following spells:

 Your Spells              Type           Power      Damage    Failure   Level
a - Blink                 Tloc           40%        N/A       3%          2
b - Vhi's Electric Charg  Tloc/Air       28%        N/A       16%         3

Your spell library contained the following spells:

 Spells                   Type           Power      Damage    Failure   Level
 Lesser Beckoning         Tloc           40%        N/A       6%          3
 Teleport Other           Tloc           20%        N/A       6%          3
 Summon Small Mammal      Summ           28%        N/A       13%         1
 Manifold Assault         Tloc           20%        N/A       22%         4
 Call Canine Familiar     Summ           7%         N/A       36%         3
 Ozocubu's Armour         Ice            7%         N/A       36%         3
 Summon Guardian Golem    Hex/Summ       7%         N/A       36%         3
 Arcjolt                  Conj/Air       3%         1d13      98%         5
 Ozocubu's Refrigeration  Ice            3%         4d8       100%        7
 Maxwell's Capacitive Co  Air            3%         ∞         100%        8


Dungeon Overview and Level Annotations

Branches:
Dungeon (4/15)
 Temple: D:4-7

Altars:


Innate Abilities, Weirdness & Mutations

You have very sharp teeth.
Your uncanny sense of smell can sniff out nearby items.
Your experience applies equally to all skills.


Message History

Press: ? - help, Dir - move target, f/p - scorpion
Aim: a scorpion (severely wounded, 79% to hit)
You miscast Vhi's Electric Charge.
You are very lightly contaminated with residual magic.
Nothing appears to happen.
You feel sick.
Casting: Vhi's Electric Charge (dangerous; 16% risk of failure)
Confirm with . or Enter, or press ? or * to list all spells.
Charge where?
Press: ? - help, Dir - move target, f/p - scorpion
Aim: a scorpion (severely wounded, 79% to hit)
You charge forward with an electric crackle!
You hit the scorpion but do no damage.
You bite the scorpion, but do no damage.
The scorpion is severely wounded.
You feel sick. The scorpion misses you.
You hit the scorpion.
You bite the scorpion, but do no damage.
The scorpion is almost dead.
You feel sick.
You are no longer poisoned.
The scorpion stings you.
* * * LOW HITPOINT WARNING * * *
You are poisoned.
The scorpion poisons you! The scorpion stings you.
* * * LOW HITPOINT WARNING * * *
You barely miss the scorpion.
You bite the scorpion, but do no damage.
The scorpion is almost dead.
* * * LOW HITPOINT WARNING * * *
You feel sick. The scorpion stings you.
* * * LOW HITPOINT WARNING * * *
You hit the scorpion but do no damage.
The scorpion is almost dead.
* * * LOW HITPOINT WARNING * * *
You feel sick. The scorpion barely misses you.
You barely miss the scorpion.
The scorpion is almost dead.
* * * LOW HITPOINT WARNING * * *
You feel sick. The scorpion stings you.
You die...

.....# #####.######.# ####.#
########............# #.#
#.............#.###.# #.#
#.######.####.#.# #.#
#.#####.##..........#.###.##
###..............#####.......###
#............##### #..........
#.#######.########## #.#.###.###
#..............@s>.###...###..#
#..######.########............##
#..# #.# #####..#####... #..#
##.# #.#.###>###
##..#####..###### #.##...##
<...............# #.###.##
#.#.#####.#####.#######.# #.#
#.#.# #.# #.......##.# #.# #.#.#
#.# #..####.##.# #.#


You could see a scorpion.

Vanquished Creatures
  An orc priest (D:4)
  An orc wizard (D:4)
  3 adders
  A worm (D:4)
  2 dart slugs (D:1)
  5 orcs
  6 bats
  10 endoplasms
  4 giant cockroaches
  3 goblins
  A hobgoblin (D:3)
  4 jackals (D:2)
  2 quokkas
  6 ball pythons
  2 frilled lizards (D:2)
  3 kobolds
  8 rats
62 creatures vanquished.

Notes
Turn   | Place    | Note
-------+----------+-------------------------------------------
     0 | D:1      | Farfigtubin the Gnoll Warper began the quest for the Orb.
     0 | D:1      | Reached XP level 1. HP: 20/20 MP: 6/6
   235 | D:1      | Reached XP level 2. HP: 26/26 MP: 7/7
   238 | D:1      | Learned a level 2 spell: Blink
   969 | D:2      | Reached skill level 5 in Spellcasting
   969 | D:2      | Reached XP level 3. HP: 31/31 MP: 5/9
  1113 | D:2      | Reached skill level 1 in Invocations
  1158 | D:2      | Learned a level 3 spell: Vhi's Electric Charge
  1290 | D:2      | Reached skill level 1 in Short Blades
  1290 | D:2      | Reached skill level 1 in Long Blades
  1290 | D:2      | Reached skill level 1 in Maces & Flails
  1290 | D:2      | Reached skill level 1 in Polearms
  1290 | D:2      | Reached skill level 1 in Staves
  1290 | D:2      | Reached skill level 1 in Ranged Weapons
  1290 | D:2      | Reached skill level 1 in Stealth
  1290 | D:2      | Reached skill level 1 in Shields
  1290 | D:2      | Reached skill level 1 in Unarmed Combat
  1290 | D:2      | Reached skill level 1 in Evocations
  2119 | D:2      | Reached XP level 4. HP: 29/38 MP: 4/11
  2631 | D:3      | Reached skill level 1 in Conjurations
  2631 | D:3      | Reached skill level 1 in Hexes
  2631 | D:3      | Reached skill level 1 in Summonings
  2631 | D:3      | Reached skill level 1 in Necromancy
  2631 | D:3      | Reached skill level 1 in Transmutations
  2631 | D:3      | Reached skill level 1 in Fire Magic
  2631 | D:3      | Reached skill level 1 in Ice Magic
  2631 | D:3      | Reached skill level 1 in Air Magic
  2631 | D:3      | Reached skill level 1 in Earth Magic
  2631 | D:3      | Reached skill level 1 in Poison Magic
  3248 | D:4      | Reached XP level 5. HP: 34/43 MP: 8/12
  3660 | D:3      | HP: 2/43 [poisoned by a scorpion]
  3661 | D:3      | Slain by a scorpion

Illustrated notes

Levels and vault maps discovered:
D:1:      scummos_arrival_hexagon, layout_basic
D:2:      layout_basic, kennysheep_nub
D:3:      layout_loops_ring, minmay_fountain_box, nicolae_figureground_sparkle
D:4:      layout_basic, reono_crystal_passage

Skill      XL: |  1  2  3  4  5 |
---------------+----------------+-----
Spellcasting   | 5 |  5.2
Invocations    | 1 |  1.7
Short Blades   | 1 |  1.5
Long Blades    | 1 |  1.5
Maces & Flails | 1 |  1.5
Polearms       | 1 |  1.5
Staves         | 1 |  1.5
Ranged Weapons | 1 |  1.5
Stealth        | 1 |  1.5
Shields        | 1 |  1.5
Unarmed Combat | 1 |  1.5
Evocations     | 1 |  1.5
Conjurations   | 1 |  1.2
Hexes          | 1 |  1.2
Summonings     | 1 |  1.2
Necromancy     | 1 |  1.2
Transmutations | 1 |  1.2
Fire Magic     | 1 |  1.2
Ice Magic      | 1 |  1.2
Air Magic      | 1 |  1.2
Earth Magic    | 1 |  1.2
Poison Magic   | 1 |  1.2
Throwing       | 3 |  3.0
Armour         | 3 |  3.0
Fighting       | |  4.8
Axes           | |  4.8
Dodging        | |  4.8
Translocations | |  5.5

Action                   |  1- 3 |  4- 6 || total
-------------------------+-------+-------++-------
Melee: Hand axe          |   127 |    90 ||   217
       Punch             |     2 |       ||     2
       Bite              |    10 |    15 ||    25
Throw: Boomerang         |       |     3 ||     3
 Cast: Blink             |    22 |    13 ||    35
       Vhi's Electric Ch |    11 |    27 ||    38
  Use: Scroll            |       |     1 ||     1
 Stab: Sleeping          |     2 |     1 ||     3
Armor: Leather armour    |    44 |    24 ||    68
Dodge: Dodged            |   104 |    68 ||   172

Table legend: (Time is in decaauts)
 A = Elapsed time spent in this place.
 B = Non-inter-level travel time spent in this place.
 C = Inter-level travel time spent in this place.
 D = Time resting spent in this place.
 E = Time spent auto-exploring this place.
 F = Levels seen in this place.
 G = Mean time per level.
                   A        B        C        D        E       F      G
               +--------+--------+--------+--------+--------+-----+--------+
         Total |   3676 |   3626 |     50 |    517 |   1198 |   4 |  919.0 |
       Dungeon |   3676 |   3626 |     50 |    517 |   1198 |   4 |  919.0 |
               +--------+--------+--------+--------+--------+-----+--------+

Top non-repeatable levels by time:
     D:2: 1292 daAuts
     D:3: 1120 daAuts
     D:1: 942 daAuts
     D:4: 321 daAuts
